cohdb
Replays
Latest Replays
All Replays
Popular Replays
Top Player Replays
Match Explorer
How It Works
Community
CoH3 Stats
Reddit
Sign in to upload your games and track your stats! →
Sign in with Steam
Match 43643196
Unlisted
Match 43643196
Overview
Messages
Build Orders
End
Selects Armored Battlegroup
Construct Weapon Support Center
M1919 Machine Gun Team
Engineer Squad
Bazooka Squad
M1919 Machine Gun Team
Engineer Squad
Mechanized Support Center
Construct Medical Station
Mortar Pit
Selects Fast Deploy
Construct Motor Pool
M24 Chaffee Light Tank
Mortar Pit
Mortar Pit
M24 Chaffee Light Tank
Selects M8 Scott SPG
M8 Scott SPG
Engineer Squad
Engineer Squad
Selects Veteran Crews
M8 Scott SPG
Improvised Armor
Dahlian
[82AD] PaulVmax
JohnstyPonst
Nithralder
圣战士阿凡提
유유
0
0
Comments
sign in to comment!
No comments posted yet!